 Dungeon Crawl Stone Soup version 0.19.1 (webtiles) character file.

11867 DeXoteric the Unseen (level 12, -5/112 HPs)
             Began as a Kobold Berserker on Nov 25, 2016.
             Was a High Priest of Trog.
             Slain by an unseen horror (7 damage)
             ... on level 11 of the Dungeon.
             The game lasted 00:34:37 (14304 turns).

DeXoteric the Unseen (Kobold Berserker)            Turns: 14304, Time: 00:34:38

Health: -5/112     AC: 13    Str: 19    XL:     12   Next: 13%
Magic:  0/12       EV: 15    Int:  8    God:    Trog [*****.]
Gold:   722        SH:  0    Dex: 20    Spells: 0 memorised, 11 levels left

rFire  . . .     SeeInvis .     a - +2 dagger (elec)
rCold  . . .     Gourm    .     v - +3 leather armour {rN+}
rNeg   + . .     Faith    .     (shield restricted)
rPois  +         Spirit   +     O - +0 helmet
rElec  .         Reflect  .     p - +1 cloak
rCorr  .         Harm     .     P - +0 pair of gloves
MR     .....                    l - +2 pair of boots
Stlth  ..........               J - amulet of guardian spirit
                                (no ring)
                                K - ring of poison resistance

@: berserking (expiring), very quick
A: carnivore 3
a: Berserk, Trog's Hand, Brothers in Arms, Burn Spellbooks, Renounce Religion


You were on level 11 of the Dungeon.
You worshipped Trog.
Trog was extremely pleased with you.
You were very full.

You visited 2 branches of the dungeon, and saw 12 of its levels.
You also visited: Ossuary.

You collected 722 gold pieces.

Inventory:

Hand Weapons
 a - a +2 dagger of electrocution (weapon)
 b - a +0 hand crossbow
Missiles
 m - 135 bolts
Armour
 l - a +2 pair of boots (worn)
 p - a +1 cloak (worn)
 v - a +3 leather armour of positive energy (worn)
 O - a +0 helmet (worn)
 P - a +0 pair of gloves (worn)
Jewellery
 J - an amulet of guardian spirit (around neck)
 K - a ring of poison resistance (left hand)
Wands
 y - a wand of paralysis (11/24)
 D - a wand of teleportation (3/9)
 E - a wand of slowing (17/48)
 I - a wand of enslavement (9/24)
Scrolls
 i - a scroll of enchant armour
 j - 4 scrolls of teleportation
 o - 10 scrolls of remove curse
 q - 3 scrolls of amnesia
 r - a scroll of magic mapping {unknown}
 s - 3 scrolls of fog
 F - 3 scrolls of noise {unknown}
 G - 5 scrolls of fear {unknown}
 H - a scroll of enchant weapon {unknown}
 L - 2 scrolls of blinking {unknown}
 M - 3 scrolls of identify
Potions
 d - 2 potions of might
 e - 2 potions of lignification
 f - 2 potions of haste
 k - a potion of agility
 n - 5 potions of brilliance
 t - a potion of cancellation
 w - a potion of heal wounds {unknown}
 x - a potion of invisibility {unknown}
 A - 2 potions of ambrosia
 B - 3 potions of curing
 C - a potion of berserk rage {unknown}
 Q - a potion of flight {unknown}
Books
 u - a book of Misfortune

   Spells                             Type                      Level
   a - Confusing Touch                Hexes                        1
   b - Confuse                        Hexes                        3
   c - Gell's Gravitas                Hexes/Translocation          3
   d - Petrify                        Transmutation/Earth          4
   e - Metabolic Englaciation         Hexes/Ice                    5
   f - Yara's Violent Unravelling     Hexes/Transmutation          5
   Trog disapproves of the use of such an item.
 N - a book of Necromancy

   Spells                             Type                      Level
   a - Pain                           Necromancy                   1
   b - Animate Skeleton               Necromancy                   1
   c - Vampiric Draining              Necromancy                   3
   d - Regeneration                   Charms/Necromancy            3
   e - Animate Dead                   Necromancy                   4
   f - Control Undead                 Necromancy                   4
   Trog disapproves of the use of such an item.
Comestibles
 c - 6 meat rations
 g - 2 royal jellies
 h - 3 chunks of flesh
 z - a beef jerky
 R - a slice of pizza


   Skills:
 + Level 8.7 Fighting
 - Level 12.4 Short Blades
 + Level 9.7 Crossbows
 - Level 1.5 Armour
 - Level 2.4 Dodging
 + Level 15.7 Stealth


You had 11 spell levels left.
You didn't know any spells.

Dungeon Overview and Level Annotations

Branches:
Dungeon (11/15)            Temple (1/1) D:7             Orc (0/2) D:11
   Lair: D:8-11

Altars:
Ashenzari
Cheibriados
Dithmenos
Fedhas
Gozag
Hepliaklqana
Kikubaaqudgha
Makhleb
Nemelex Xobeh
Okawaru
Qazlal
Ru
Sif Muna
Trog
Uskayaw
Vehumet
Xom
Yredelemnul
Zin
The Shining One

Shops:
D:6 =


Innate Abilities, Weirdness & Mutations

You are small and have problems with some larger weapons.
You are carnivorous and can eat meat at any time.


Message History

Something hits you but does no damage.
You closely miss the worker ant.
The worker ant is moderately wounded.
Something hits you.
* * * LOW HITPOINT WARNING * * *
The worker ant bites you but does no damage.
You closely miss the worker ant.
The worker ant is moderately wounded.
Something hits you but does no damage.
You puncture the worker ant!
There is a sudden explosion of sparks!
You kill the worker ant!
Trog accepts your kill. Something hits you but does no damage.
You barely miss something. Something hits you.
* * * LOW HITPOINT WARNING * * *
You are too berserk!
You hit something.
There is a sudden explosion of sparks!
Something hits you but does no damage.
You hit something but do no damage. Something hits you!
You die...

## .# ## .##
..#######/.#####
#.............#
#.............#
#...K)).......##
##...){(....(....
#.....))>........ .
#.....)..(.(..... .#
#.........(.........
....................#
####....(...((......#
..........####....#
######...(.)......#


There were no monsters in sight!

Vanquished Creatures
  Erica (D:8)
  An unseen horror (D:10)
  2 hill giants
  Pikel (D:4)
  An ugly thing (D:11)
  A manticore (D:10)
  A troll (D:9)
  A hippogriff (D:8)
  Sigmund (D:6)
  Eustachio (D:4)
  A wyvern (D:8)
  A hungry ghost (D:9)
  The ghost of Vesto the Firebug, an amateur OpFE (Ossuary)
  A water moccasin (D:9)
  2 sky beasts (D:5)
  3 slaves (D:4)
  7 orc warriors
  An eye of draining (D:8)
  3 ice beasts
  2 phantoms
  7 ogres
  A necrophage (D:8)
  13 centaurs
  3 big kobolds
  7 bullfrogs
  4 water moccasin zombies (Ossuary)
  4 scorpions
  7 killer bees
  3 wights (D:6)
  4 howler monkeys
  2 centaur zombies
  A bullfrog zombie (D:6)
  6 crimson imps
  2 quasits
  2 jellies (D:7)
  A bullfrog skeleton (D:10)
  6 orc priests
  7 hounds
  13 orc wizards
  3 centaur skeletons
  4 iguanas
  9 worker ants
  3 big kobold zombies (Ossuary)
  A killer bee zombie (D:5)
  A hound zombie (D:7)
  A hound skeleton (D:4)
  2 mummies (Ossuary)
  A howler monkey skeleton (D:9)
  4 gnolls
  9 adders
  2 shadow imps
  2 oozes
  9 adder zombies
  2 adder skeletons
  3 worms (D:2)
  A dart slug (D:2)
  6 leopard geckos
  43 orcs
  A ball python (D:1)
  6 bats
  5 giant cockroaches
  2 gnoll zombies (Ossuary)
  5 hobgoblins
  17 jackals
  23 kobolds
  5 quokkas
  3 frilled lizards
  7 goblins
  A goblin zombie (D:5)
  6 hobgoblin zombies (Ossuary)
  4 kobold zombies (Ossuary)
  A leopard gecko skeleton (D:9)
  2 orc zombies (Ossuary)
  A quokka skeleton (D:10)
  A quokka zombie (D:5)
  7 rats
329 creatures vanquished.

Notes
Turn   | Place    | Note
-------+----------+-------------------------------------------
     0 | D:1      | DeXoteric the Kobold Berserker began the quest for the Orb.
     0 | D:1      | Reached XP level 1. HP: 14/14 MP: 1/1
    59 | D:1      | Reached skill level 1 in Stealth
    59 | D:1      | Reached XP level 2. HP: 13/19 MP: 2/2
    62 | D:1      | Reached skill level 2 in Stealth
   431 | D:1      | Reached XP level 3. HP: 15/23 MP: 3/3
   836 | D:1      | Reached skill level 3 in Stealth
   846 | D:1      | Reached ** piety under Trog
  1109 | D:1      | Reached skill level 5 in Short Blades
  1422 | D:2      | Reached XP level 4. HP: 8/28 MP: 4/4
  1753 | D:2      | Found a shadowy altar of Dithmenos.
  2067 | D:2      | Reached skill level 4 in Stealth
  2147 | D:2      | Reached XP level 5. HP: 22/32 MP: 5/5
  2309 | D:2      | Found a snail-covered altar of Cheibriados.
  2313 | D:2      | Found an ancient bone altar of Kikubaaqudgha.
  2313 | D:2      | Found a stormy altar of Qazlal.
  2326 | D:2      | Found a glowing silver altar of Zin.
  2330 | D:2      | Found a hide-covered altar of Uskayaw.
  2829 | D:3      | Reached skill level 5 in Stealth
  2993 | D:3      | Reached XP level 6. HP: 37/37 MP: 6/6
  3294 | D:3      | Found a burning altar of Makhleb.
  3517 | D:3      | Reached skill level 6 in Stealth
  4428 | D:4      | Noticed Eustachio
  4439 | D:4      | Killed Eustachio
  4439 | D:4      | Reached skill level 7 in Stealth
  4439 | D:4      | Reached XP level 7. HP: 33/41 MP: 7/7
  4448 | D:4      | Reached *** piety under Trog
  4517 | D:4      | Noticed Pikel
  4650 | D:4      | Reached skill level 8 in Stealth
  4666 | D:4      | Reached XP level 8. HP: 46/46 MP: 8/8
  5127 | D:4      | Killed Pikel
  5127 | D:4      | Reached skill level 9 in Stealth
  5280 | D:4      | Reached skill level 10 in Short Blades
  5678 | D:4      | Reached skill level 10 in Stealth
  5847 | D:4      | Reached XP level 9. HP: 51/51 MP: 9/9
  6149 | D:5      | Entered Level 5 of the Dungeon
  6180 | D:5      | Found a sand-covered staircase.
  6187 | Ossuary  | Entered an ossuary
  6187 | Ossuary  | Noticed Vesto's ghost (amateur OpFE)
  6200 | Ossuary  | Killed Vesto's ghost
  6311 | Ossuary  | Reached skill level 11 in Stealth
  6480 | Ossuary  | Reached **** piety under Trog
  6739 | Ossuary  | Identified 2 scrolls of acquirement
  6740 | Ossuary  | Got a diamond-encrusted plate armour
  6752 | Ossuary  | Identified the +0 plate armour of Xusuhoall {+Fly rC- rN+ Dex+4} (You acquired it in an ossuary)
  7545 | D:5      | Reached skill level 12 in Stealth
  7724 | D:6      | Reached skill level 1 in Crossbows
  8021 | D:6      | Reached XP level 10. HP: 56/56 MP: 7/10
  8075 | D:6      | Noticed Sigmund
  8090 | D:6      | Killed Sigmund
  8247 | D:6      | Found Vogoez's Jewellery Shop.
  9006 | D:7      | Reached skill level 13 in Stealth
  9396 | D:7      | Found a staircase to the Ecumenical Temple.
  9507 | Temple   | Entered the Ecumenical Temple
 10115 | D:8      | Reached skill level 5 in Crossbows
 10174 | D:8      | Received a gift from Trog
 10452 | D:8      | Noticed Erica
 10471 | D:8      | Killed Erica
 10471 | D:8      | Reached skill level 5 in Fighting
 10608 | D:8      | Found a glowing silver altar of Zin.
 10815 | D:8      | Reached XP level 11. HP: 61/64 MP: 11/11
 10896 | D:8      | Reached skill level 14 in Stealth
 11054 | D:8      | Found a glowing golden altar of the Shining One.
 11064 | D:8      | Reached ***** piety under Trog
 11451 | D:9      | Received a gift from Trog
 12467 | D:10     | Entered Level 10 of the Dungeon
 12511 | D:10     | Noticed a manticore
 12523 | D:10     | Received a gift from Trog
 12532 | D:10     | Killed a manticore
 12822 | D:10     | Noticed a hill giant
 12836 | D:10     | Killed a hill giant
 13181 | D:10     | Reached skill level 15 in Stealth
 13224 | D:10     | Killed an unseen horror
 13921 | D:11     | Noticed a hill giant
 13939 | D:11     | Killed a hill giant
 13943 | D:11     | Noticed a brown ugly thing
 13950 | D:11     | Reached XP level 12. HP: 58/75 MP: 6/12
 14235 | D:11     | Found a staircase to the Orcish Mines.
 14299 | D:11     | HP: 4/112 [something (3)]
 14304 | D:11     | Slain by an unseen horror

Skill      XL: |  1  2  3  4  5  6  7  8  9 10 11 |
---------------+----------------------------------+-----
Stealth        | 1 2 3 4 5 7 8 10 12 13 15 | 15.7
Short Blades   | 5 6 7 8 10 12 | 12.4
Crossbows      | 2 6 9 |  9.7
Fighting       | 5 8 |  8.7
Armour         | |  1.5
Dodging        | |  2.4

Action                   |  1- 3 |  4- 6 |  7- 9 | 10-12 || total
-------------------------+-------+-------+-------+-------++-------
Melee: Short sword       |   121 |   263 |   611 |    72 ||  1067
       Dagger            |       |       |       |   604 ||   604
 Fire: Hand crossbow     |       |       |       |     5 ||     5
Invok: Berserk           |     1 |     3 |     7 |    13 ||    24
       Trog's Hand       |       |     1 |     2 |     4 ||     7
Evoke: Wand              |       |       |       |     1 ||     1
  Use: Scroll            |       |     1 |     6 |     8 ||    15
 Stab: Distracted        |     1 |       |     1 |       ||     2
       Sleeping          |     4 |     6 |    28 |    29 ||    67
       Paralysed         |       |       |       |     1 ||     1
  Eat: Chunk             |    11 |    13 |    13 |    38 ||    75
Armor: Animal skin       |    16 |       |       |       ||    16
       Ring mail         |       |    25 |       |       ||    25
       Leather armour    |       |    24 |    97 |   150 ||   271
Dodge: Dodged            |   110 |   166 |   226 |   324 ||   826
